 Dungeon Crawl Stone Soup version 0.32-a0-699-g1ee5eff69a (webtiles) character file.

Game seed: 11938224434689513544

441 Ruich the Purveyor of Pain (level 6, -3/32 HPs)
             Began as a Vampire Necromancer on Mar 14, 2024.
             Was an Initiate of Kikubaaqudgha.
             Slain by a lemure (7 damage)
             ... led by Pikel
             ... on level 4 of the Dungeon.
             The game lasted 00:11:57 (3994 turns).

Ruich the Purveyor of Pain (Vampire Necromancer)    Turns: 3994, Time: 00:11:57

Health: -3/32      AC:  9    Str:  9    XL:     6   Next: 71%
Magic:  11/11      EV: 11    Int: 17    God:    Kikubaaqudgha [......]
Gold:   255        SH:  0    Dex: 15    Spells: 7/12 levels left

rFire   . . .        b - +2 dagger (heavy)
rCold   + + .        (no shield)
rNeg    + + +        l - +0 robe
rPois   ∞            q - +1 helmet
rElec   .            (no cloak)
rCorr   .            v - +0 pair of gloves
SInv    +            (no boots)
Will    .....        n - amulet of magic regeneration
Stlth   +++++        u - +4 ring of protection
HPRegen 0.00/turn    (no ring)
MPRegen 0.52/turn

%: no passive effects
@: bloodless, inhibited regen
A: bloodless, fangs 3, see invisible, vampiric 2
a: Bat Form, Revivify, Renounce Religion


You were on level 4 of the Dungeon.
You worshipped Kikubaaqudgha.
Kikubaaqudgha was noncommittal.
You visited 1 branch of the dungeon, and saw 5 of its levels.

You collected 255 gold pieces.


Innate Abilities, Weirdness & Mutations

You do not regenerate when monsters are visible.
You are frail without blood (-20% HP).
You can heal yourself when you bite living creatures.
You are immune to poison.
You have razor-sharp teeth.
You have supernaturally acute eyesight. (SInv)
You are afflicted with vampirism and can become a bat while bloodless.


   Skills:
 - Level 2.1 Dodging
 + Level 6.1 Stealth
 + Level 3.7 Spellcasting
 * Level 7.0 Necromancy


You had 7 spell levels left.
You knew the following spells:

 Your Spells              Type           Power      Damage    Failure   Level
a - Animate Dead          Necr           27%        N/A       9%          4
n - Necrotise             Necr           100%       1d9       1%          1

Your spell library contained the following spells:

 Spells                   Type           Power      Damage    Failure   Level
 Vampiric Draining        Necr           27%        2d7       2%          3
 Magic Dart               Conj           12%        1d3       16%         1
 Searing Ray              Conj           6%         2d4       24%         2
 Curse of Agony           Necr           27%        N/A       24%         5
 Hailstorm                Conj/Ice       3%         3d5       43%         3
 Summon Ice Beast         Ice/Summ       3%         N/A       43%         3
 Fulminant Prism          Conj/Alch      1%         3d5       85%         4
 Permafrost Eruption      Ice/Erth       1%         2x4d2     100%        6
 Sculpt Simulacrum        Ice/Alch       1%         N/A       100%        6

Inventory:

Hand Weapons
 b - a +2 heavy dagger (weapon)
Armour
 l - a +0 robe (worn)
 q - a +1 helmet (worn)
 v - a +0 pair of gloves (worn)
Magical Staves
 a - a staff of death {!a}
Jewellery
 n - an amulet of magic regeneration (around neck)
 u - a +4 ring of protection (left hand)
Scrolls
 d - 3 scrolls of identify {@r1}
 f - a scroll of revelation
 m - 3 scrolls of vulnerability
 o - a scroll of fog
Potions
 g - a potion of lignification
 h - a potion of attraction
 k - 2 potions of magic
 p - a potion of curing {@q1}
 s - a potion of haste {@q3}
 t - a potion of enlightenment

Dungeon Overview and Level Annotations

Branches:
Dungeon (5/15) Zot: 25997
 Temple: D:4-7

Altars:
Ashenzari
Cheibriados
Kikubaaqudgha
Nemelex Xobeh
Ru
Uskayaw

Annotations:
D:4 exclusion: downstairs
D:5 Grinder, Pikel

~.### ##)###.########.).......
#~..### #.## ##...<........####.
~..~..#####.###.########.##.##...
..~#~.....##.#.#####...#.##......
~..~.#.###.##.######...#.#####...
#~....#####(#.####...............
~..~..##......#......<...#######.
..~#~.##.##.#.#.##.......##### #.
~..~...#.#.##...@#.....#.##### #.
#~..###>..###.#.5#.#...#.##### #.
~...# ##.## #.#..#.#####.##### #.
....# #.# #.#..#.#####.##### #.
#.### #.# #.#..#.#####.##### #.
#.#### #.####.#..#.#####.##### #.
#....###....#.#..#.#####.# #.
........###.#.#..........# ##.
#....##.# #.#.##.#.######## #..


You could see a lemure.


Message History

* * * LOW HITPOINT WARNING * * *
You barely miss the lemure.
The lemure is moderately wounded.
* * * LOW HITPOINT WARNING * * *
Unknown command.
The lemure attacks as it pursues you!
* * * LOW HITPOINT WARNING * * *
Unknown command.
Unknown command.
You feel better. The lemure misses you.
Unknown command.
Unknown command.
Unknown command.
Unknown command.
Unknown command.
Unknown command.
Casting: Necrotise (safe; 1% risk of failure)
Confirm with . or Enter, or press ? or * to list all spells.
Okay, then.
Unknown command.
The lemure attacks as it pursues you! The lemure closely misses you.
The lemure attacks as it pursues you!
There is an escape hatch in the floor here.
Unknown command.
The lemure attacks as it pursues you!
* * * LOW HITPOINT WARNING * * *
The lemure attacks as it pursues you! The lemure closely misses you.
The lemure attacks as it pursues you!
You die...
Kikubaaqudgha rasps: You have failed me!
Welcome... oblivion!

Skill      XL: |  1  2  3  4  5  6 |
---------------+-------------------+-----
Necromancy     | 5 6 7 |  7.0
Stealth        | 4 5 6 |  6.1
Spellcasting   | 3 |  3.7
Dodging        | |  2.1

Action                     |  1- 3 |  4- 6 || total
---------------------------+-------+-------++-------
  Melee: Short sword       |     9 |       ||     9
         Bite              |     2 |     1 ||     3
         Unarmed           |     1 |       ||     1
         Dagger            |     6 |    13 ||    19
   Cast: Necrotise         |    51 |   107 ||   158
Ability: Exsanguinate      |       |     1 ||     1
    Use: Scroll            |       |    14 ||    14
         Potion            |       |     1 ||     1
   Stab: Sleeping          |     2 |       ||     2
 Armour: Robe              |    22 |    53 ||    75
  Dodge: Dodged            |    22 |    53 ||    75

Levels and vault maps discovered:
D:1:      dpeg_arrival_rooms_with_view, layout_loops_ring
D:2:      layout_basic, basic_altar, serial_glass, glass_columns_a,
          glass_columns_a, chequers_arboretum, uniq_jessica
D:3:      layout_loops_corners, mainiacjoe_overflow_boulevard, minmay_puff
D:4:      layout_loops_ring, minmay_overflow_temple_star_hex, chequers_jeans,
          hangedman_feature_mirror, kennysheep_doodads
D:5:      layout_cave_pools, mainiacjoe_overflow_small_starburst,
          regret_index_xom_buried_treasure, serial_bayou_pond_d,
          minmay_hedge_maze, uniq_grinder, uniq_crazy_yiuf_cottage, uniq_pikel

Notes
Turn   | Place    | Note
-------+----------+-------------------------------------------
     0 | D:1      | Ruich the Vampire Necromancer began the quest for the Orb.
     0 | D:1      | Reached XP level 1. HP: 13/13 MP: 3/3
   152 | D:1      | Reached XP level 2. HP: 5/19 MP: 3/5
   839 | D:1      | Reached skill level 5 in Necromancy
   918 | D:2      | Gained mutation: You are afflicted with vampirism and can
                  | become a bat while bloodless. [Vampire growth]
   918 | D:2      | Reached XP level 3. HP: 20/24 MP: 3/6
   976 | D:2      | Found a snail-covered altar of Cheibriados.
  1308 | D:2      | Noticed Jessica
  1313 | D:2      | Killed Jessica
  1314 | D:2      | Reached skill level 4 in Stealth
  1314 | D:2      | Reached XP level 4. HP: 30/30 MP: 3/7
  2132 | D:3      | Found a hide-covered altar of Uskayaw.
  2185 | D:3      | Reached XP level 5. HP: 28/35 MP: 5/9
  2555 | D:3      | Reached skill level 6 in Necromancy
  2726 | D:3      | Reached skill level 3 in Spellcasting
  2844 | D:4      | Learned a level 4 spell: Animate Dead
  2849 | D:4      | Reached skill level 5 in Stealth
  2903 | D:4      | Reached XP level 6. HP: 20/41 MP: 6/10
  2906 | D:4      | Found an ancient bone altar of Kikubaaqudgha.
  2958 | D:4      | Found a sacrificial altar of Ru.
  2969 | D:4      | Found a sparkling altar of Nemelex Xobeh.
  2978 | D:4      | Found a broken altar of Ashenzari.
  3007 | D:4      | Became a worshipper of Kikubaaqudgha
  3828 | D:5      | Entered Level 5 of the Dungeon
  3833 | D:5      | Reached skill level 6 in Stealth
  3837 | D:5      | Noticed Pikel
  3842 | D:5      | Noticed Grinder
  3935 | D:5      | Reached skill level 7 in Necromancy
  3971 | D:4      | HP: 1/32 [lemure[Pikel] (6)]
  3994 | D:4      | Slain by a lemure

Vanquished Creatures
  A lemure (D:4)
  A scorpion (D:4)
  A howler monkey (D:5)
  3 bombardier beetles
  A hound (D:5)
  Jessica (D:2)
  A sleepcap (D:4)
  An iguana (D:4)
  6 adders
  2 dart slugs
  A ribbon worm (D:4)
  4 orcs
  6 bats
  8 endoplasms
  4 giant cockroaches
  5 goblins
  3 hobgoblins
  3 jackals (D:3)
  8 kobolds
  6 quokkas
  2 ball pythons
  A frilled lizard (D:3)
  5 rats
74 creatures vanquished.

Vanquished Creatures (collateral kills)
  A hobgoblin (D:1)
  A frilled lizard (D:1)
  A rat (D:3)
3 creatures vanquished.

Grand Total: 77 creatures vanquished

Table legend: (Time is in decaauts)
 A = Elapsed time spent in this place.
 B = Non-inter-level travel time spent in this place.
 C = Inter-level travel time spent in this place.
 D = Time resting spent in this place.
 E = Time spent auto-exploring this place.
 F = Levels seen in this place.
 G = Mean time per level.
                   A        B        C        D        E       F      G
               +--------+--------+--------+--------+--------+-----+--------+
         Total |   4001 |   3830 |    171 |    340 |   2425 |   5 |  800.2 |
       Dungeon |   4001 |   3830 |    171 |    340 |   2425 |   5 |  800.2 |
               +--------+--------+--------+--------+--------+-----+--------+

Top non-repeatable levels by time:
     D:4: 1094 daAuts
     D:2: 982 daAuts
     D:3: 927 daAuts
     D:1: 909 daAuts
     D:5: 88 daAuts

Table legend:
 A = Non-vault XP
 B = Vault XP
 C = Vault XP percentage of total XP
 D = Non-vault monster count
 E = Vault monster count
 F = Vault count percentage of total count
                 A         B        C        D         E       F
            +---------+---------+-------+---------+---------+-------
      Total |     570 |      61 |   9.7 |      62 |      14 |  18.4
            +---------+---------+-------+---------+---------+-------
        D:1 |      37 |       3 |   7.5 |      20 |       2 |   9.1
        D:2 |      50 |      37 |  42.5 |      14 |       1 |   6.7
        D:3 |     111 |       6 |   5.1 |      14 |       5 |  26.3
        D:4 |     277 |      15 |   5.1 |      12 |       6 |  33.3
        D:5 |      95 |       0 |   0.0 |       2 |       0 |   0.0
            +---------+---------+-------+---------+---------+-------
